 Dungeon Crawl Stone Soup version bcrawl-1.38b (webtiles) character file.

Game seed: 2184365029175383978

154529 Mrkan the Skirmisher (level 3, -2/33 HPs)
             Began as a Centaur Fighter on Mar 23, 2023.
             Succumbed to a scorpion's poison
             ... on level 2 of the Dungeon.
             The game lasted 00:01:56 (1094 turns).

Mrkan the Skirmisher (Centaur Fighter)              Turns: 1094, Time: 00:01:57

Health: -2/33      AC:  6    Str: 20    XL:     3   Next: 92%
Magic:  3/3        EV:  4    Int:  9    God:
Gold:   101        SH:  8    Dex:  8    Spells: 2/2 levels left

rFire    . . .     GDR:     22% a - +0 war axe
rCold    . . .     SeeInvis .   c - +0 medium shield
rNeg     . . .     Gourm    .   b - +0 scale mail
rPois    .         Faith    .   (no helmet)
rElec    .         Spirit   .   (no cloak)
rCorr    .         Reflect  .   (no gloves)
MR       .....                  (no barding)
Stlth    ..........             (no amulet)
HPRegen  0.15/turn              (no ring)
MPRegen  0.08/turn              (no ring)

@: lethally poisoned (-2 -> -18), very quick
A: large, hooves 3, deformed body, herbivore, speed 2, tough skin 3
a: no special abilities


You were on level 2 of the Dungeon.
You were not hungry.

You visited 1 branch of the dungeon, and saw 2 of its levels.

You collected 101 gold pieces.

Inventory:

Hand Weapons
 a - a +0 war axe (weapon)
Armour
 b - a +0 scale mail (worn)
 c - a +0 medium shield (worn)
Jewellery
 g - a +7 ring of dexterity {unknown}
 k - a +3 amulet of reflection {unknown}
 m - the ring of Juabby {*Slow +Fly Str+3 Dex+2, unknown}
   (You found it on level 1 of the Dungeon)

   [ring of flight]

   It affects your strength (+3).
   It affects your dexterity (+2).
   It lets you fly.
   It may slow you when you take damage.
Scrolls
 f - 2 scrolls of immolation {unknown}
 h - a scroll of magic mapping {unknown}
 i - a scroll of identify
 l - a scroll of fear {unknown}
 n - a scroll of teleportation {unknown}
Potions
 d - a potion of might
 j - a potion of curing {unknown}
 o - a potion of berserk rage {unknown}
Comestibles
 e - 2 rations {!d}


   Skills:
 + Level 3.9 Fighting
 * Level 3.7 Axes
 - Level 2.6 Armour
 + Level 2.5 Shields


You had 2 spell levels left.
You didn't know any spells.
Your spell library was empty.

Dungeon Overview and Level Annotations

Branches:
Dungeon (2/12)

Altars:


Innate Abilities, Weirdness & Mutations

You have hooves in place of feet.
Armour fits poorly on your strangely shaped body.
You are a herbivore.
You cover ground very quickly.
You have extremely tough skin. (AC +3)


Message History

The scorpion poisons you!
You closely miss the scorpion.
The scorpion is severely wounded.
You feel sick. The scorpion barely misses you.
You barely miss the scorpion.
The scorpion is severely wounded.
You feel very sick. You block the scorpion's attack.
You barely miss the scorpion.
The scorpion is severely wounded.
You feel sick. The scorpion stings you. The scorpion stings you!
* * * LOW HITPOINT WARNING * * *
You closely miss the scorpion. Your kick misses the scorpion.
The scorpion is severely wounded.
* * * LOW HITPOINT WARNING * * *
You feel sick.
The scorpion stings you but does no damage.
Your shield prevents you from hitting the scorpion.
The scorpion is severely wounded.
You die...

#. ## ##
######...
#........
#.s..######
#@####....#
#.........#
#....####.#
######....#
#.........#
#....######
.######.########
...............#
##.....#.#####.#


You could see a scorpion.

Vanquished Creatures
  An ooze (D:1)
  3 worms (D:2)
  4 dart slugs
  7 leopard geckos (D:1)
  2 giant cockroaches (D:1)
  5 hobgoblins (D:1)
  A jackal (D:1)
  5 bats
  A frilled lizard (D:1)
  3 kobolds (D:1)
  4 rats
36 creatures vanquished.

Notes
Turn   | Place    | Note
-------+----------+-------------------------------------------
     0 | D:1      | Mrkan the Centaur Fighter began the quest for the Orb.
     0 | D:1      | Reached XP level 1. HP: 19/19 MP: 1/1
    55 | D:1      | Reached XP level 2. HP: 8/26 MP: 2/2
   268 | D:1      | Reached XP level 3. HP: 33/33 MP: 3/3
   556 | D:1      | Got a scintillating lapis lazuli ring
  1083 | D:2      | Noticed a scorpion
  1093 | D:2      | HP: 1/33 [poisoned by a scorpion]
  1094 | D:2      | Succumbed to a scorpion's poison

Skill      XL: |  1  2 |
---------------+-------+-----
Axes           | 3 |  3.7
Fighting       | |  3.9
Armour         | |  2.6
Shields        | |  2.5

Action                   || total
-------------------------++-------
Melee: War axe           ||   108
       Kick              ||    21
  Eat: Ration            ||     1
Armor: Scale mail        ||    61
Dodge: Dodged            ||    24
Block: Medium shield     ||    53
